 Dungeon Crawl Stone Soup version 0.31.0-1-g2c135a008e (webtiles) character file.

Game seed: 10994645945436116302

14186 qw the Skirmisher (level 12, 0/86 HPs)
             Began as a Djinni Hunter on Jan 23, 2024.
             Was a High Priest of Okawaru.
             Slain by an eight-headed hydra (10 damage)
             ... on level 2 of the Lair of Beasts.
             The game lasted 00:00:58 (9604 turns).

qw the Skirmisher (Djinni Hunter)                   Turns: 9604, Time: 00:00:59

Health: 0/86       AC: 15    Str: 10    XL:     12   Next: 42%
Gold:   471        EV: 17    Int: 13    God:    Okawaru [*****.] SH:  0 Dex: 20

rFire   + + .        c - +3 orcbow (drain)
rCold   . . .        (shield currently unavailable)
rNeg    . . .        l - +0 troll leather armour
rPois   inf          n - +1 helmet
rElec   .            b - +2 cloak {rPois}
rCorr   .            o - +2 pair of gloves
SInv    .            (boots unavailable)
Will    +....        h - amulet of the acrobat
Stlth   ++           j - +4 ring of protection
HPRegen 1.14/turn    r - ring of protection from cold
MPRegen 0.00/turn

%: acrobat, infuse magic (-1 HP)
@: about to teleport, flying
A: sickness immunity, fire resistance 2, cold vulnerability 1, float, innate
caster, HP casting, extra vitality 1
a: Renounce Religion, Heroism, Finesse, Duel


You were on level 2 of the Lair of Beasts.
You worshipped Okawaru.
Okawaru was extremely pleased with you.
You visited 2 branches of the dungeon, and saw 11 of its levels.

You collected 471 gold pieces.


Innate Abilities, Weirdness & Mutations

You are immune to sickness and miasma.
You are immune to poison.
Your flesh is very heat resistant. (rF++)
You are vulnerable to cold. (rC-)
You float through the air rather than walking.
You learn spells naturally, not from books.
Your magical power is your life essence.
You have superior vitality. (+4 MHP)


   Skills:
 + Level 8.0 Fighting
 - Level 11.0 Ranged Weapons
 - Level 3.2 Armour
 - Level 9.0 Dodging
 - Level 0.7 Stealth
 + Level 9.5 Invocations


You knew the following spells:

 Your Spells              Type           Power      Damage    Failure   Level
a - Apportation           Tloc           0%         N/A       38%         1
b - Scorch                Fire           0%         2d5       52%         2
c - Stone Arrow           Conj/Erth      0%         3d7       77%         3
d - Gell's Gravitas       Tloc           0%         N/A       77%         3
e - Summon Mana Viper     Hex/Summ       0%         N/A       100%        5
Your spell library was empty.

Inventory:

Hand Weapons
 c - a +3 orcbow of draining (weapon)
Armour
 b - a +2 cloak of poison resistance (worn)
 e - a +1 ring mail of fire resistance
 l - a +0 troll leather armour (worn)
 n - a +1 helmet (worn)
 o - a +2 pair of gloves (worn)
Jewellery
 h - an amulet of the acrobat (around neck)
 j - a +4 ring of protection (left hand)
 r - a ring of protection from cold (right hand)
 t - a ring of protection from fire
Wands
 d - a wand of iceblast (19)
 p - a wand of mindburst (17)
 q - a wand of polymorph (22)
 s - a wand of light (12)
Scrolls
 a - 5 scrolls of identify
 m - 3 scrolls of teleportation
Potions
 f - a potion of might
 g - 5 potions of curing
 i - 6 potions of heal wounds
 k - a potion of enlightenment

Dungeon Overview and Level Annotations

Branches:
Dungeon (9/15)             Temple (0/1) D:6            Lair (2/5) D:9
    Orc (0/2) D:9
  Swamp: Lair:2-3    Shoals: Lair:2-3     Snake: Lair:2-3    Spider: Lair:2-3

Altars:
Elyvilon
Hepliaklqana
Nemelex Xobeh
Okawaru
Qazlal
Trog
Wu Jian
The Shining One

Portals:
Bailey: D:9

Annotations:
D:8 1 runed translucent door, qw's ghost, novice GrHu


Message History

The eight-headed hydra completely misses you.
The eight-headed hydra misses you. x2
The eight-headed hydra barely misses you.
The eight-headed hydra bites you!
The eight-headed hydra bites you but does no damage. x2
You shoot an arrow. The arrow hits the eight-headed hydra.
You drain the eight-headed hydra.
The eight-headed hydra is moderately wounded.
The eight-headed hydra closely misses you.
The eight-headed hydra bites you! x2
The eight-headed hydra bites you but does no damage.
The eight-headed hydra closely misses you.
The eight-headed hydra barely misses you.
The eight-headed hydra bites you. x2
You shoot an arrow. The arrow hits the eight-headed hydra!
You drain the eight-headed hydra.
The eight-headed hydra is severely wounded.
The eight-headed hydra bites you. x2
The eight-headed hydra completely misses you.
The eight-headed hydra misses you. The eight-headed hydra bites you!
The eight-headed hydra bites you but does no damage.
The eight-headed hydra barely misses you.
The eight-headed hydra closely misses you.
The eight-headed hydra completely misses you.
The eight-headed hydra bites you!
The eight-headed hydra bites you but does no damage. x3
The eight-headed hydra bites you. x2
The eight-headed hydra completely misses you.
9604 ||| READING 4 scrolls of teleportation.
As you read the scroll of teleportation, it crumbles to dust.
You feel strangely unstable.
The eight-headed hydra barely misses you.
The eight-headed hydra closely misses you.
The eight-headed hydra bites you but does no damage.
The eight-headed hydra closely misses you.
The eight-headed hydra barely misses you.
The eight-headed hydra bites you!
The eight-headed hydra bites you but does no damage.
The eight-headed hydra bites you!
You die...

.## ## ## ...###.####P
............ #
#P.....##. #.
####......### ##..
####.###.....#.. .....
###....###........
.#...%#......##......###
#.....D@.............###
##.....#.....##.......##
#....######.###.....P##
#.... ###...##......##
..... .##P.#.#.P.....##.
........................
........................
........................
.....................


You could see an eight-headed hydra (drained).

Vanquished Creatures
  A centaur warrior (D:8)
  A boulder beetle (D:8)
  An ugly thing (D:8)
  A cyclops (D:8)
  Maurice (D:7)
  A meliai (shapeshifter) (D:8)
  A black mamba (Lair:1)
  A gargoyle (D:8)
  5 cane toads
  A komodo dragon (Lair:1)
  A rime drake (Lair:2)
  A troll (D:8)
  A queen bee (shapeshifter) (D:8)
  5 blink frogs (Lair:1)
  A hornet (D:9)
  Sigmund (D:6)
  Eustachio (D:4)
  13 yaks (Lair:1)
  A wyvern (Lair:1)
  2 basilisks
  A steam dragon (D:7)
  Edmund (D:6)
  Duvessa (D:5)
  4 water moccasins
  2 orc warriors
  4 sky beasts
  2 black bears (D:6)
  An ice beast (D:6)
  2 ogres
  2 phantoms (D:5)
  2 centaurs
  3 kobold brigands
  2 bullfrogs
  3 scorpions
  15 wights
  Dowan (D:5)
  13 killer bees
  A howler monkey (D:9)
  2 hounds (D:4)
  2 jellies
  7 orc priests
  Ijyb (D:4)
  2 iguanas
  2 sleepcaps
  6 orc wizards
  7 gnolls
  5 adders
  3 dart slugs
  20 orcs
  9 endoplasms
  4 giant cockroaches (D:1)
  16 goblins
  A hobgoblin (D:4)
  A quokka (D:1)
  9 ball pythons
  5 bats
  4 frilled lizards
  17 kobolds
  5 rats
229 creatures vanquished.

Notes
Turn   | Place    | Note
-------+----------+-------------------------------------------
     0 | D:1      | qw the Djinni Hunter began the quest for the Orb.
     0 | D:1      | Reached XP level 1. HP: 18/18 MP: 0/0
     0 | D:1      | 0 ||| qw: Version: 0.3-a-134-g2ba4250
     0 | D:1      | 0 ||| qw: Game counter: 764
     0 | D:1      | 0 ||| qw: Melee chars always use a shield: true
     0 | D:1      | 0 ||| qw: God list: Okawaru
     0 | D:1      | 0 ||| qw: Allow faded altars: false
     0 | D:1      | 0 ||| qw: Do Orc after clearing Dungeon:15 true
     0 | D:1      | 0 ||| qw: Do second Lair branch before Depths: true
     0 | D:1      | 0 ||| qw: Lair rune preference: random
     0 | D:1      | 0 ||| qw: Goals: Normal
     0 | D:1      | 0 ||| PLANNING D:1-11
   102 | D:1      | Reached XP level 2. HP: 23/23 MP: 0/0
   427 | D:1      | Reached skill level 4 in Ranged Weapons
   427 | D:1      | Reached XP level 3. HP: 28/28 MP: 0/0
   427 | D:1      | Learned a level 1 spell: Apportation
   631 | D:1      | Found a faded altar of an unknown god.
   818 | D:1      | 818 ||| READING scroll labelled XYVEEN YTAIDGH.
   823 | D:1      | 823 ||| READING 2 scrolls labelled XYS VESE INKAF.
   824 | D:1      | 824 ||| READING scroll labelled IPOEV FITU.
   825 | D:1      | 825 ||| READING scroll labelled YQALYXZISER.
   826 | D:1      | 826 ||| READING scroll labelled WYFECW SEASU.
   827 | D:1      | 827 ||| READING 3 scrolls labelled PIEMUKH ZU DUG.
   828 | D:1      | 828 ||| DROPPING scroll of butterflies.
   829 | D:1      | 829 ||| DROPPING scroll of noise.
   830 | D:1      | 830 ||| DROPPING 2 scrolls of amnesia.
   854 | D:2      | 854 ||| STAIRDANCE
   917 | D:2      | Reached XP level 4. HP: 34/34 MP: 0/0
   979 | D:2      | Reached skill level 3 in Fighting
  1358 | D:2      | 1358 ||| DROPPING scarf of invisibility.
  1359 | D:2      | 1359 ||| UPGRADING to +2 cloak.
  1364 | D:2      | 1364 ||| UPGRADING to ring of ice.
  1365 | D:2      | 1365 ||| DRINKING 2 golden potions.
  1398 | D:3      | 1398 ||| FLEEEEING.
  1401 | D:3      | 1401 ||| FLEEEEING.
  1402 | D:3      | 1402 ||| FLEEEEING.
  1403 | D:3      | 1403 ||| FLEEEEING.
  1404 | D:3      | 1404 ||| FLEEEEING.
  1405 | D:3      | 1405 ||| FLEEEEING.
  1406 | D:3      | 1406 ||| FLEEEEING.
  1407 | D:3      | 1407 ||| FLEEEEING.
  1408 | D:3      | 1408 ||| FLEEEEING.
  1409 | D:3      | 1409 ||| FLEEEEING.
  1410 | D:3      | 1410 ||| STAIRDANCE
  1437 | D:3      | 1437 ||| STAIRDANCE
  1437 | D:3      | HP: 6/35 [orc priest/divine providence (12)]
  1557 | D:3      | 1557 ||| STAIRDANCE
  1614 | D:3      | 1614 ||| STAIRDANCE
  1619 | D:2      | Reached skill level 3 in Dodging
  1693 | D:3      | 1693 ||| STAIRDANCE
  2071 | D:3      | Reached XP level 5. HP: 40/40 MP: 0/0
  2071 | D:3      | Learned a level 2 spell: Scorch
  2204 | D:3      | Found an ornate altar of the Wu Jian Council.
  2621 | D:3      | 2621 ||| UPGRADING to +0 leather armour of fire resistance.
  2631 | D:3      | 2631 ||| DROPPING +0 leather armour.
  2632 | D:3      | 2632 ||| READING scroll labelled OKIWNIO NYNASO.
  2632 | D:3      | Identified a scroll of acquirement
  2632 | D:3      | 2632 ||| ACQUIRING +1 orcbow of draining
  2632 | D:3      | Acquired a +1 orcbow of draining
  2634 | D:3      | 2634 ||| SWAPPING to +1 orcbow of draining.
  2635 | D:3      | 2635 ||| DROPPING +0 shortbow.
  2636 | D:3      | 2636 ||| READING scroll labelled ESIFIOLEGO.
  2636 | D:3      | 2636 ||| ENCHANTING +1 orcbow of draining.
  2637 | D:3      | 2637 ||| READING scroll labelled GEDIF TULIA.
  2637 | D:3      | 2637 ||| IDENTIFYING pink potion
  2638 | D:3      | 2638 ||| DRINKING 2 viscous purple potions.
  2639 | D:3      | 2639 ||| DROPPING potion of brilliance.
  2802 | D:4      | Reached XP level 6. HP: 40/46 MP: 0/0
  2889 | D:4      | Reached skill level 5 in Ranged Weapons
  3086 | D:4      | Noticed Ijyb
  3090 | D:4      | Reached skill level 1 in Armour
  3096 | D:4      | Killed Ijyb
  3440 | D:4      | Noticed Eustachio
  3444 | D:4      | Killed Eustachio
  3445 | D:4      | Reached XP level 7. HP: 53/53 MP: 0/0
  3445 | D:4      | Learned a level 3 spell: Stone Arrow
  3450 | D:4      | 3450 ||| RETREEEEATING.
  3726 | D:4      | 3726 ||| UPGRADING to +1 pair of gloves.
  3731 | D:4      | 3731 ||| UPGRADING to ring of protection from cold.
  3732 | D:4      | 3732 ||| READING scroll labelled JAREMASA LUN.
  3732 | D:4      | 3732 ||| ENCHANTING +1 pair of gloves.
  3733 | D:4      | 3733 ||| READING scroll labelled LOORIP GUNYO.
  3811 | D:5      | Entered Level 5 of the Dungeon
  3951 | D:5      | Reached skill level 6 in Ranged Weapons
  4079 | D:5      | Reached XP level 8. HP: 58/58 MP: 0/0
  4245 | D:5      | Noticed Duvessa
  4246 | D:5      | Noticed Dowan
  4255 | D:5      | Killed Duvessa
  4260 | D:5      | Killed Dowan
  4453 | D:5      | 4453 ||| RETREEEEATING.
  4454 | D:5      | 4454 ||| RETREEEEATING.
  4455 | D:5      | 4455 ||| RETREEEEATING.
  4456 | D:5      | 4456 ||| RETREEEEATING.
  4470 | D:5      | Reached skill level 7 in Ranged Weapons
  4706 | D:5      | 4706 ||| UPGRADING to +1 robe of willpower.
  4716 | D:5      | 4716 ||| REMOVING ring of ice.
  4717 | D:5      | 4717 ||| DROPPING +0 ring mail.
  4718 | D:5      | 4718 ||| UPGRADING to +3 leather armour.
  4728 | D:5      | 4728 ||| DROPPING +1 robe of willpower.
  4729 | D:5      | 4729 ||| DRINKING 2 glowing black potions.
  4730 | D:5      | 4730 ||| DRINKING 2 murky coppery potions.
  4794 | D:6      | Found a white marble altar of Elyvilon.
  4822 | D:6      | Found a hazy altar of Hepliaklqana.
  4824 | D:6      | Found a glowing golden altar of the Shining One.
  4825 | D:6      | Found a sparkling altar of Nemelex Xobeh.
  4938 | D:6      | Found an iron altar of Okawaru.
  4939 | D:6      | 4939 ||| PLANNING OKAWARU WORSHIP
  4939 | D:6      | 4939 ||| READING 2 scrolls of identify.
  4939 | D:6      | 4939 ||| IDENTIFYING white potion
  4940 | D:6      | 4940 ||| READING scroll of identify.
  4940 | D:6      | 4940 ||| IDENTIFYING fizzy green potion
  4941 | D:6      | 4941 ||| DRINKING 2 murky clear potions.
  4942 | D:6      | 4942 ||| DROPPING potion of attraction.
  4943 | D:6      | 4943 ||| DROPPING potion of magic.
  4944 | D:6      | 4944 ||| DROPPING potion of degeneration.
  4950 | D:6      | Became a worshipper of Warmaster Okawaru
  4951 | D:6      | 4951 ||| PLANNING D:1-11
  4976 | D:6      | 4976 ||| ZAPPING wand of light (8) at 2,0 (black bear;
                  | floor).
  4977 | D:6      | 4977 ||| ZAPPING wand of light (7) at 1,0 (black bear;
                  | open_door).
  4978 | D:6      | Reached XP level 9. HP: 65/65 MP: 0/0
  4978 | D:6      | Learned a level 3 spell: Gell's Gravitas
  5083 | D:6      | Noticed Sigmund
  5086 | D:6      | Killed Sigmund
  5087 | D:6      | Reached skill level 8 in Ranged Weapons
  5102 | D:6      | Noticed Edmund
  5112 | D:6      | Killed Edmund
  5112 | D:6      | Reached * piety under Okawaru
  5248 | D:6      | Found a staircase to the Ecumenical Temple.
  5387 | D:6      | 5387 ||| DROPPING +0 leather armour of fire resistance.
  5388 | D:6      | 5388 ||| DROPPING wand of flame (14).
  5414 | D:7      | Reached skill level 1 in Invocations
  5422 | D:7      | Reached skill level 6 in Dodging
  5480 | D:7      | Reached skill level 6 in Fighting
  5482 | D:7      | Noticed Maurice
  5486 | D:7      | 5486 ||| DRINKING potion of haste.
  5487 | D:7      | Maurice stole a ring of ice
  5489 | D:7      | Maurice stole 229 gold
  5500 | D:7      | Killed Maurice
  5500 | D:7      | Reached ** piety under Okawaru
  5501 | D:7      | Reached skill level 3 in Armour
  5501 | D:7      | Reached skill level 3 in Invocations
  5620 | D:7      | Reached XP level 10. HP: 64/72 MP: 0/0
  5658 | D:7      | 5658 ||| FLEEEEING.
  5926 | D:7      | Reached skill level 9 in Ranged Weapons
  6101 | D:7      | 6101 ||| UPGRADING to +1 cloak of poison resistance.
  6111 | D:7      | 6111 ||| READING 4 scrolls of identify.
  6111 | D:7      | 6111 ||| IDENTIFYING scroll labelled FIZXYKHYAHOI
  6112 | D:7      | 6112 ||| DROPPING scroll of torment.
  6219 | D:8      | Found a runed translucent door.
  6226 | D:8      | Noticed qw's ghost (novice GrHu)
  6335 | D:8      | 6335 ||| RETREEEEATING.
  6341 | D:8      | 6341 ||| RETREEEEATING.
  6342 | D:8      | 6342 ||| RETREEEEATING.
  6343 | D:8      | 6343 ||| RETREEEEATING.
  6344 | D:8      | 6344 ||| RETREEEEATING.
  6345 | D:8      | Reached *** piety under Okawaru
  6623 | D:8      | 6623 ||| RETREEEEATING.
  6716 | D:8      | Found a stormy altar of Qazlal.
  6888 | D:8      | Noticed a gargoyle
  6889 | D:8      | 6889 ||| DRINKING 2 potions of haste.
  6911 | D:8      | Killed a gargoyle
  7043 | D:8      | Noticed a centaur warrior
  7044 | D:8      | 7044 ||| DRINKING potion of haste.
  7052 | D:8      | Killed a centaur warrior
  7052 | D:8      | Reached **** piety under Okawaru
  7053 | D:8      | Reached skill level 10 in Ranged Weapons
  7237 | D:8      | Noticed a meliai
  7239 | D:8      | Killed a meliai
  7240 | D:8      | Reached XP level 11. HP: 79/79 MP: 0/0
  7240 | D:8      | Learned a level 5 spell: Summon Mana Viper
  7242 | D:8      | Noticed a purple ugly thing
  7257 | D:8      | Killed a purple ugly thing
  7359 | D:8      | 7359 ||| READING scroll of enchant armour.
  7359 | D:8      | 7359 ||| ENCHANTING +1 cloak of poison resistance.
  7363 | D:8      | 7363 ||| READING scroll of enchant weapon.
  7363 | D:8      | 7363 ||| ENCHANTING +2 orcbow of draining.
  7369 | D:8      | Noticed a boulder beetle
  7385 | D:8      | Killed a boulder beetle
  7385 | D:8      | Reached ***** piety under Okawaru
  7412 | D:8      | Noticed a cyclops
  7416 | D:8      | Killed a cyclops
  7417 | D:8      | Reached skill level 6 in Invocations
  7452 | D:8      | 7452 ||| FLEEEEING.
  7453 | D:8      | 7453 ||| FLEEEEING.
  7498 | D:8      | Received a gift from Okawaru
  7761 | D:8      | 7761 ||| DROPPING +2 cloak.
  7762 | D:8      | 7762 ||| UPGRADING to +0 troll leather armour.
  7772 | D:8      | 7772 ||| DROPPING +3 leather armour.
  7773 | D:8      | 7773 ||| READING 4 scrolls of identify.
  7773 | D:8      | 7773 ||| IDENTIFYING glowing clear potion
  7837 | D:9      | Found a staircase to the Lair.
  7938 | D:9      | 7938 ||| STAIRDANCE
  7942 | D:8      | 7942 ||| DROPPING ring of ice.
  7943 | D:8      | 7943 ||| UPGRADING to +4 ring of protection.
  7975 | D:9      | Found a flagged portal.
  8097 | D:9      | Found a staircase to the Orcish Mines.
  8110 | D:9      | Found a bloodstained altar of Trog.
  8194 | D:9      | Found a bloodstained altar of Trog.
  8335 | D:9      | 8335 ||| PLANNING LAIR
  8335 | D:9      | 8335 ||| UPGRADING to +1 helmet.
  8340 | D:9      | 8340 ||| UPGRADING to amulet of the acrobat.
  8391 | Lair:1   | Entered Level 1 of the Lair of Beasts
  8392 | Lair:1   | 8392 ||| RETREEEEATING.
  8393 | Lair:1   | 8393 ||| RETREEEEATING.
  8597 | Lair:1   | 8597 ||| RETREEEEATING.
  8598 | Lair:1   | 8598 ||| RETREEEEATING.
  8605 | Lair:1   | 8605 ||| RETREEEEATING.
  8838 | Lair:1   | Reached XP level 12. HP: 79/86 MP: 0/0
  9045 | Lair:1   | 9045 ||| RETREEEEATING.
  9053 | Lair:1   | 9053 ||| RETREEEEATING.
  9054 | Lair:1   | 9054 ||| RETREEEEATING.
  9055 | Lair:1   | 9055 ||| RETREEEEATING.
  9056 | Lair:1   | 9056 ||| RETREEEEATING.
  9057 | Lair:1   | 9057 ||| RETREEEEATING.
  9058 | Lair:1   | 9058 ||| RETREEEEATING.
  9060 | Lair:1   | 9060 ||| RETREEEEATING.
  9061 | Lair:1   | 9061 ||| RETREEEEATING.
  9068 | Lair:1   | Received a gift from Okawaru
  9124 | Lair:1   | 9124 ||| RETREEEEATING.
  9125 | Lair:1   | 9125 ||| RETREEEEATING.
  9126 | Lair:1   | 9126 ||| RETREEEEATING.
  9127 | Lair:1   | 9127 ||| RETREEEEATING.
  9131 | Lair:1   | 9131 ||| RETREEEEATING.
  9132 | Lair:1   | 9132 ||| RETREEEEATING.
  9133 | Lair:1   | 9133 ||| RETREEEEATING.
  9157 | Lair:1   | Reached skill level 11 in Ranged Weapons
  9157 | Lair:1   | Reached skill level 9 in Invocations
  9332 | Lair:2   | 9332 ||| STAIRDANCE
  9355 | Lair:2   | 9355 ||| STAIRDANCE
  9599 | Lair:2   | Noticed an eight-headed hydra
  9600 | Lair:2   | Reached skill level 9 in Dodging
  9603 | Lair:2   | HP: 20/86 [eight-headed hydra (3)]
  9604 | Lair:2   | 9604 ||| READING 4 scrolls of teleportation.
  9604 | Lair:2   | Slain by an eight-headed hydra

Levels and vault maps discovered:
D:1:      dpeg_arrival_round_b, layout_basic,
          shapermc_ecumenical_altar_mp_highgroup
D:2:      layout_loops_ring
D:3:      layout_loops_corners, nicolae_wu_jian_immortal_techniques
D:4:      layout_basic, kennysheep_windowed_goal, uniq_eustachio, uniq_ijyb
D:5:      layout_basic, serial_glass, glass_columns_a, glass_columns_b,
          kennysheep_opposing_triangles, uniq_duvessa
D:6:      layout_gridville, okawaru_gym_becter, lemuel_crystal_altar,
          minitemple, minmay_temple_entry_antechambers, uniq_sigmund,
          uniq_edmund
D:7:      layout_gridville, kennysheep_generic_room_14, uniq_maurice
D:8:      layout_loops_cross, nicolae_qazlal_beasts_of_the_sky,
          ebering_ghost_reflecting_pool, serial_rivers,
          chequers_serial_rivers_large_b, chequers_serial_rivers_micro_b,
          chequers_serial_rivers_room_a, chequers_serial_rivers_large_a,
          chequers_serial_rivers_marsh, minmay_evil_grid
D:9:      layout_roguey, lightli_temple_of_fire, orc_0_dummy, enter_bailey_3,
          david_defended_altar_orc
Lair:1:   layout_roguey, chequers_serial_rivers_room_b
Lair:2:   layout_regular_city, palyth_hydra_swamp_entry,
          portal_ice_cave_entry_pillars_1, serial_bayou_shore_b

Skill      XL: |  1  2  3  4  5  6  7  8  9 10 11 12 |
---------------+-------------------------------------+-----
Ranged Weapons | 4 5 6 7 8 10 11 | 11.0
Fighting       | 3 4 5 6 7 8 |  8.0
Dodging        | 3 5 6 7 8 9 |  9.0
Armour         | 1 3 |  3.2
Invocations    | 4 8 9 |  9.5
Stealth        | |  0.7

Action                     |  1- 3 |  4- 6 |  7- 9 | 10-12 || total
---------------------------+-------+-------+-------+-------++-------
   Fire: Shortbow          |    77 |    82 |       |       ||   159
         Orcbow            |       |    40 |   188 |   533 ||   761
  Evoke: Wand              |       |       |     2 |       ||     2
    Use: Scroll            |     6 |     3 |     4 |     5 ||    18
         Potion            |       |     2 |     4 |     2 ||     8
 Armour: Leather armour    |    22 |    42 |    65 |   132 ||   261
         Troll leather arm |       |       |       |   117 ||   117
  Dodge: Dodged            |    18 |    32 |    84 |   323 ||   457

Table legend:
 A = Non-vault XP
 B = Vault XP
 C = Vault XP percentage of total XP
 D = Non-vault monster count
 E = Vault monster count
 F = Vault count percentage of total count
                 A         B        C        D         E       F
            +---------+---------+-------+---------+---------+-------
      Total |   13846 |    6420 |  31.7 |     201 |      28 |  12.2
            +---------+---------+-------+---------+---------+-------
        D:1 |      64 |       0 |   0.0 |      30 |       0 |   0.0
        D:2 |      55 |       0 |   0.0 |       8 |       0 |   0.0
        D:3 |      92 |       0 |   0.0 |      21 |       0 |   0.0
        D:4 |     315 |     321 |  50.5 |      16 |       3 |  15.8
        D:5 |     468 |     337 |  41.9 |      11 |       4 |  26.7
        D:6 |     545 |     407 |  42.8 |       9 |       2 |  18.2
        D:7 |    1394 |     639 |  31.4 |      19 |       2 |   9.5
        D:8 |    1290 |    4585 |  78.0 |      34 |      10 |  22.7
        D:9 |    1318 |     131 |   9.0 |      20 |       7 |  25.9
     Lair:1 |    6695 |       0 |   0.0 |      27 |       0 |   0.0
     Lair:2 |    1610 |       0 |   0.0 |       6 |       0 |   0.0
            +---------+---------+-------+---------+---------+-------
